 Dungeon Crawl Stone Soup version 0.31.0-32-g396128a36d (webtiles) character file.

Game seed: 16916517206645511841

50 Gabide the Grave Robber (level 3, -3/37 HPs)
             Began as a Demonspawn Necromancer on Apr 8, 2024.
             Slain by an orc
             ... wielding a +0 mace
              (4 damage)
             ... on level 3 of the Dungeon.
             The game lasted 00:04:13 (1653 turns).

Gabide the Grave Robber (Demonspawn Necromancer)    Turns: 1653, Time: 00:04:14

Health: -3/37      AC: 21    Str:  8    XL:     3   Next: 55%
Magic:  2/6        EV:  2    Int: 17    God:
Gold:   115        SH:  0    Dex: 13    Spells: 6/7 levels left

rFire   . . .        a - +0 short sword
rCold   . . .        (no shield)
rNeg    . . .        e - melded +0 robe
rPois   +            o - melded +2 helmet
rElec   .            (cloak currently unavailable)
rCorr   .            (gloves currently unavailable)
SInv    .            (boots currently unavailable)
Will    .....        (no amulet)
Stlth   ++           (no ring)
HPRegen 0.26/turn    (no ring)
MPRegen 0.10/turn

%: no passive effects
@: tree-form, very slightly contaminated
A: stationary, stasis, torment immunity, boosted hp, foul stench 1, (demonic
touch 1)
a: no special abilities


You were on level 3 of the Dungeon.
You were a tree.
You visited 1 branch of the dungeon, and saw 3 of its levels.

You collected 115 gold pieces.

Inventory:

Hand Weapons
 a - a +0 short sword (weapon)
Armour
 e - a +0 robe (melded)
 o - a +2 helmet (melded)
Wands
 n - a wand of iceblast (6)
Potions
 b - a potion of magic
 c - 4 potions of haste
 d - a potion of lignification
 f - a potion of degeneration {unknown}
 h - a potion of brilliance {unknown}
 i - a potion of curing {unknown}
 j - a potion of cancellation {unknown}
 m - a potion of enlightenment {unknown}


   Skills:
 + Level 0.8 Fighting
 + Level 2.2 Dodging
 + Level 2.1 Stealth
 * Level 2.5 Spellcasting
 * Level 4.8 Necromancy


You had 6 spell levels left.
You knew the following spells:

 Your Spells              Type           Power      Damage    Failure   Level
a - Necrotise             Necr           72%        1d7       2%          1

Your spell library contained the following spells:

 Spells                   Type           Power      Damage    Failure   Level
 Vampiric Draining        Necr           18%        2d7       8%          3
 Sting                    Conj/Alch      8%         1d3       19%         1
 Animate Dead             Necr           18%        N/A       24%         4
 Mercury Vapours          Alch/Air       4%         N/A       28%         2
 Curse of Agony           Necr           18%        N/A       56%         5
 Olgreb's Toxic Radiance  Alch           2%         N/A       88%         4


Dungeon Overview and Level Annotations

Branches:
Dungeon (3/15)

Altars:
Ru


Innate Abilities, Weirdness & Mutations

You are a tree.
Your roots penetrate the ground, keeping you stationary.
You cannot be teleported.
You are immune to unholy pain and torment.
Your maximum health is greatly increased.
Your equipment is partially melded.
You may rarely emit foul miasma when damaged in melee.
((Your touch may inflict minor irresistible damage on your foes.))


Message History

Press: ? - help, Q - select action, (/) - cycle Shift-Dir - straight line, f/p - orc priest
Aim: an orc priest, wielding a +0 flail (chance to affect: 76%)
The orc writhes in agony.
Your orc skeleton hits the orc.
The orc priest calls upon Beogh to heal the orc.
The orc's wounds heal themselves!
The orc hits you but does no damage. The orc misses you.
Aiming: Necrotise (safe; 2% risk of failure)
Press: ? - help, Q - select action, (/) - cycle Shift-Dir - straight line, f/p - orc priest
Aim: an orc priest, wielding a +0 flail (chance to affect: 76%)
You miscast Necrotise.
You are very lightly contaminated with residual magic.
Nothing appears to happen.
Your orc skeleton hits the orc.
The orc hits you with a +0 club.
* * * LOW HITPOINT WARNING * * *
The orc priest hits your orc skeleton with a +0 flail.
The orc closely misses you.
Unknown command.
Okay, then.
You turn into a tree.
Your +2 helmet melds into your body.
Your +0 robe melds into your body.
Your roots penetrate the ground.
Your orc skeleton barely misses the orc.
The orc hits you but does no damage. The orc hits you with a +0 mace.
* * * LOW HITPOINT WARNING * * *
The orc completely misses you.
You closely miss the orc priest.
Your orc skeleton barely misses the orc.
The orc hits you but does no damage. The orc hits you with a +0 mace.
* * * LOW HITPOINT WARNING * * *
The orc hits you but does no damage. The orc priest barely misses you.
You barely miss the orc priest. The orc hits you but does no damage.
The orc priest hits you with a +0 flail.
* * * LOW HITPOINT WARNING * * *
The orc hits you but does no damage. x2
You hit the orc priest but do no damage.
Your orc skeleton hits the orc.
The orc hits you but does no damage.
The orc priest hits you with a +0 flail.
* * * LOW HITPOINT WARNING * * *
The orc hits you with a +0 mace.
You die...

♣♣.####.#.....#
♣♣....#.#######
♣♣♣♣♣..##...# #....
.........#### #....
###......#####.... .
#......+...#.... ...
#......###'#....
#...####......)........
#....o♣o...#...........
#....ooZ...#...........
##..........#....†......
_#..........#...........
##..........#...........
##.......####...........
#.......# ########....
#.......+ ####


You could see an orc priest, 3 orcs and a friendly orc skeleton.

Vanquished Creatures
  An adder (D:3)
  2 ribbon worms (D:3)
  2 orcs (D:3)
  6 bats
  An endoplasm (D:1)
  A giant cockroach (D:2)
  2 goblins
  3 hobgoblins
  4 jackals (D:1)
  A kobold (D:2)
  A quokka (D:3)
  2 ball pythons
  2 rats
28 creatures vanquished.

Vanquished Creatures (collateral kills)
  An endoplasm (D:1)
  2 ball pythons
3 creatures vanquished.

Grand Total: 31 creatures vanquished

Notes
Turn   | Place    | Note
-------+----------+-------------------------------------------
     0 | D:1      | Gabide the Demonspawn Necromancer began the quest for the
                  | Orb.
     0 | D:1      | Reached XP level 1. HP: 13/13 MP: 3/3
   246 | D:1      | Found a faded altar of an unknown god.
   414 | D:1      | Gained mutation: Your touch may inflict minor irresistible
                  | damage on your foes. [demonic ancestry]
   414 | D:1      | Reached XP level 2. HP: 15/20 MP: 0/5
  1411 | D:3      | Gained mutation: You may rarely emit foul miasma when
                  | damaged in melee. [demonic ancestry]
  1411 | D:3      | Reached XP level 3. HP: 25/25 MP: 4/6
  1639 | D:3      | Found a sacrificial altar of Ru.
  1653 | D:3      | HP: 1/37 [orc priest/+0 flail (4)]
  1653 | D:3      | Slain by an orc

Illustrated notes

Levels and vault maps discovered:
D:1:      dpeg_arrival_fog, layout_basic, ebering_ecumenical_altar_sacrificial
D:2:      layout_basic, dk_vineyard_3, serial_bayou_lake_a
D:3:      layout_basic, mainiacjoe_overflow_alcove_2,
          nicolae_overflow_hidden_temple, kennysheep_flooded_box,
          minmay_misc_feat_plants, minmay_misc_feat_alley, supply_closet_lemuel,
          nrook_campfire, minmay_misc_feat_ornament

Skill      XL: |  1  2 |
---------------+-------+-----
Dodging        | 2 |  2.2
Stealth        | 2 |  2.1
Fighting       | |  0.8
Spellcasting   | |  2.5
Necromancy     | |  4.8

Action                     || total
---------------------------++-------
  Melee: Unarmed           ||     6
         Short sword       ||    22
         Touch             ||     4
   Cast: Necrotise         ||    48
    Use: Scroll            ||     3
         Potion            ||     1
 Armour: Robe              ||    22
         Skin              ||    12
  Dodge: Dodged            ||    28
